 Dungeon Crawl Stone Soup version 0.28-a0-1395-g4f6bc678fa (webtiles) character file.

Game seed: 9174732960265563703

3 eustatius the Grave Robber (level 1, -3/15 HPs)
             Began as a Deep Dwarf Necromancer on Jan 5, 2022.
             Slain by a hobgoblin (4 damage)
             ... on level 1 of the Dungeon.
             The game lasted 00:02:10 (166 turns).

eustatius the Grave Robber (Deep Dwarf Necromancer)  Turns: 166, Time: 00:02:10

Health: -3/15      AC:  2    Str: 11    XL:     1   Next: 41%
Magic:  2/3        EV: 12    Int: 15    God:
Gold:   0          SH:  0    Dex: 13    Spells: 1/3 levels left

rFire   . . .      SeeInvis .   (no weapon)
rCold   . . .      Faith    .   (no shield)
rNeg    . . .      Spirit   .   a - +0 robe
rPois   .          Reflect  .   (no helmet)
rElec   .          Harm     .   (no cloak)
rCorr   .          Rampage  .   (no gloves)
Will    .....                   (no boots)
Stlth   ++........              (no amulet)
HPRegen 0.00/turn               (no ring)
MPRegen 0.08/turn               (no ring)

@: no status effects
A: damage resistance, heal wounds, sense surroundings 1, no regeneration
a: Heal Wounds


You were on level 1 of the Dungeon.
You visited 1 branch of the dungeon, and saw 1 of its levels.

Inventory:

Armour
 a - a +0 robe (worn)
Magical Staves
 b - a staff of fire
Jewellery
 d - a ring of protection from fire
Scrolls
 c - a scroll of blinking {unknown}


   Skills:
 - Level 2.1 Dodging
 - Level 2.4 Stealth
 - Level 1.7 Spellcasting
 + Level 4.6 Necromancy


You had one spell level left.
You knew the following spells:

 Your Spells              Type           Power      Damage    Failure   Level
a - Pain                  Necr           60%        1d7       3%          1
b - Animate Skeleton      Necr           30%        N/A       3%          1

Your spell library contained the following spells:

 Spells                   Type           Power      Damage    Failure   Level
 Vampiric Draining        Necr           15%        2d7       11%         3
 Animate Dead             Necr           7%         N/A       34%         4
 Agony                    Necr           15%        N/A       67%         5


Dungeon Overview and Level Annotations

Branches:
Dungeon (1/15)

Altars:


Innate Abilities, Weirdness & Mutations

You are resistant to damage.
You can heal yourself by infusing magical energy.
You passively map a small area around you.
You do not regenerate.


Message History

The hobgoblin hits you but does no damage.
The hobgoblin misses you.
Casting: Pain (safe; 3% risk of failure)
Confirm with . or Enter, or press ? or * to list all spells.
Aiming: Pain (safe; 3% risk of failure)
Press: ? - help, Shift-Dir - straight line, f/p - hobgoblin
Aim: a hobgoblin (almost dead, chance to affect: 84%)
The hobgoblin writhes in agony.
You kill the hobgoblin!
The hobgoblin hits you but does no damage.
The hobgoblin barely misses you.
Found a glass ring and 6 gold pieces.
The dart slug briefly extends its eye-stalks.
The hobgoblin hits you. The dart slug launches a dart at you.
The slug dart hits you. The hobgoblin closely misses you.
The hobgoblin barely misses you. The hobgoblin closely misses you.
The dart slug bites you.
You see here a ring of protection from fire.
d - a ring of protection from fire The hobgoblin hits you.
The hobgoblin hits you. The dart slug launches a dart at you.
The slug dart hits you.
* * * LOW HITPOINT WARNING * * *
The dart slug launches a dart at you. The slug dart misses you.
The hobgoblin barely misses you. The hobgoblin hits you.
* * * LOW HITPOINT WARNING * * *
The dart slug launches a dart at you. The slug dart hits you.
You open the door. The hobgoblin hits you. The dart slug barely misses you.
There is an open door here.
A kobold comes into view. It is wielding a +0 dagger.
The kobold throws a stone.
The stone barely misses you. The hobgoblin hits you.
You die...

####.#######..#....#
,, #.......##
#..###'## ,
.........###..# #.#*,
,, ..........##..#
#.# , ,
...........#..###.# ,
...........##..##w# ,
...........###....# ,
....<......# ##..g#*,
...........###..@.# ,
...........##....## *
...........#....## ,
..........##...## , ,
.........###...# * **
* #.......## #K..# ,.
, ####.#######..)# *
.. ,
..#...#........#* ..
,
...#.#.........##.#..


You could see a dart slug, a hobgoblin and a kobold.

Vanquished Creatures
  A goblin (D:1)
  A hobgoblin (D:1)
  A kobold (D:1)
3 creatures vanquished.

Notes
Turn   | Place    | Note
-------+----------+-------------------------------------------
     0 | D:1      | eustatius the Deep Dwarf Necromancer began the quest for
                  | the Orb.
     0 | D:1      | Reached XP level 1. HP: 15/15 MP: 3/3
     2 | D:1      | Learned a level 1 spell: Animate Skeleton
   166 | D:1      | Slain by a hobgoblin

Illustrated notes

Levels and vault maps discovered:
D:1:      psy_arrival_dodecagon, layout_basic,
          hellmonk_ecumenical_altar_watching_god

Action                   || total
-------------------------++-------
 Cast: Pain              ||     8
Armor: Robe              ||     6
Dodge: Dodged            ||    25

Table legend: (Time is in decaauts)
 A = Elapsed time spent in this place.
 B = Non-inter-level travel time spent in this place.
 C = Inter-level travel time spent in this place.
 D = Time resting spent in this place.
 E = Time spent auto-exploring this place.
 F = Levels seen in this place.
 G = Mean time per level.
                   A        B        C        D        E       F      G
               +--------+--------+--------+--------+--------+-----+--------+
         Total |    166 |    166 |      0 |      0 |      4 |   1 |  166.0 |
       Dungeon |    166 |    166 |      0 |      0 |      4 |   1 |  166.0 |
               +--------+--------+--------+--------+--------+-----+--------+

Top non-repeatable levels by time:
     D:1: 166 daAuts
